 Dungeon Sprint DCSS version 0.31-a0-1-g4198be8af4 (webtiles) character file.

Game seed: 16582462099239180474

3015 rocky1 the Geomancer (level 9, -1/58 HPs)
             Began as a Deep Elf Earth Elementalist on May 1, 2023.
             Was a High Priest of Sif Muna.
             Killed from afar by a molten gargoyle (36 damage)
             ... with a bolt of magma
             ... in the Dungeon (Sprint VII: "The Pits").
             The game lasted 00:06:21 (2246 turns).

rocky1 the Geomancer (Deep Elf Earth Elementalist)  Turns: 2246, Time: 00:06:21

Health: -1/58      AC: 28    Str:  5    XL:     9   Next: 55%
Magic:  20/28      EV: 12    Int: 25    God:    Sif Muna [*****.]
Gold:   0          SH:  0    Dex: 15    Spells: 24/34 levels left

rFire   . . .        r - +2 scimitar (flame)
rCold   . . .        (no shield)
rNeg    + . .        a - melded +0 robe
rPois   ∞            (no helmet)
rElec   +            q - +0 cloak
rCorr   .            p - melded +0 pair of gloves
SInv    .            (boots currently unavailable)
Will    .....        (no amulet)
Stlth   ++           (no ring)
HPRegen 0.29/turn    (no ring)
MPRegen 0.21/turn

%: no teleportation
@: statue-form, very slow
A: slow and powerful, torment resistance 1, boosted hp
a: End Transformation, Renounce Religion, Channel Magic, Forget Spell, Divine
Exegesis


You were in the Dungeon.
You worshipped Sif Muna.
Sif Muna was extremely pleased with you.
You were a living statue of rough stone.
You visited 1 branch

Inventory:

Hand Weapons
 r - a +2 scimitar of flaming (weapon)
Armour
 a - a +0 robe (melded)
 p - a +0 pair of gloves (melded)
 q - a +0 cloak (worn)
Jewellery
 g - a +3 ring of strength
 l - a +3 ring of intelligence
Scrolls
 i - 5 scrolls of amnesia
 j - a scroll of butterflies
Potions
 b - 3 potions of magic
 c - 6 potions of curing
 d - 9 potions of heal wounds
 e - 4 potions of haste
 f - 3 potions of berserk rage
 h - 2 potions of invisibility
 m - a potion of resistance
 n - a potion of mutation
 o - a potion of brilliance


   Skills:
 - Level 2.4 Dodging
 - Level 2.4 Stealth
 + Level 13.3 Spellcasting
 + Level 10.0 Conjurations
 + Level 6.5 Transmutations
 + Level 7.3 Fire Magic
 + Level 6.5 Air Magic
 + Level 13.6 Earth Magic
 + Level 7.2 Invocations


You had 24 spell levels left.
You knew the following spells:

 Your Spells              Type           Power      Damage    Failure   Level
a - Sandblast             Erth           100%       2d20      0%          1
b - Stone Arrow           Conj/Erth      100%       3d13      1%          3
c - Statue Form           Tmut/Erth      40%        N/A       9%          6

Your spell library contained the following spells:

 Spells                   Type           Power      Damage    Failure   Level
 Passwall                 Tmut/Erth      50%        N/A       1%          2
 Petrify                  Tmut/Erth      61%        N/A       1%          4
 Vhi's Electric Charge    Tloc/Air       66%        N/A       2%          3
 Leda's Liquefaction      Hex/Erth       25%        N/A       2%          4
 Conjure Ball Lightning   Conj/Air       27%        3x3d8     19%         6
 Olgreb's Toxic Radiance  Pois           16%        N/A       34%         4
 Lehudib's Crystal Spear  Conj/Erth      33%        10d8      88%         8
 Storm Form               Tmut/Air       24%        N/A       90%         7
 Summon Horrible Things   Summ           8%         N/A       100%        8
 Chain Lightning          Conj/Air       27%        3d36      100%        9


Dungeon Overview and Level Annotations

Branches:
Dungeon (1/1)

Altars:
Ashenzari
Cheibriados
Dithmenos
Elyvilon
Fedhas
Gozag
Hepliaklqana
Kikubaaqudgha
Makhleb
Nemelex Xobeh
Okawaru
Qazlal
Ru
Sif Muna
Trog
Uskayaw
Vehumet
Wu Jian
Xom
Yredelemnul
Zin
The Shining One
Jiyva
Lugonu


Message History

You kill the tyrant leech!
Sif Muna accepts your kill. The rime drake breathes ice at you.
The icy flash freeze hits you.
You are encased in ice.
You feel much better. The acid dragon closely misses you.
The acid dragon barely misses you. The acid dragon closely misses you.
The acid dragon claws you but does no damage.
Magic courses through your body. The ice encasing you melts away.
The acid dragon barely misses you.
The acid dragon claws you but does no damage.
Aiming: Stone Arrow (safe; 1% risk of failure)
Press: ? - help, Q - select action, (/) - cycle Shift-Dir - straight line, f - acid dragon
Aim: an acid dragon (almost dead, 78% to hit)
The stone arrow hits the acid dragon.
You kill the acid dragon!
Sif Muna accepts your kill. The rime drake bites you.
Your Conjurations skill increases to level 10!
Aiming: Stone Arrow (safe; 1% risk of failure)
Press: ? - help, Q - select action, (/) - cycle Shift-Dir - straight line, f - rime drake
Aim: a rime drake (72% to hit)
The stone arrow hits the rime drake!!
The rime drake is severely wounded.
The rime drake barely misses you. The rime drake breathes ice at you.
The icy flash freeze misses you.
Aiming: Stone Arrow (safe; 1% risk of failure)
Press: ? - help, Q - select action, (/) - cycle Shift-Dir - straight line, f/p - rime drake
Aim: a rime drake (severely wounded, catching its breath, 72% to hit)
The stone arrow hits the rime drake!
You kill the rime drake!
Sif Muna accepts your kill.
You see here Lehudib's Guide on Indurated Striking {god gift}.
Sif Muna grants you a gift!
The molten gargoyle blasts magma at you!
The bolt of magma hits you!!!
Ouch! That really hurt!
You die...

))#####'#####''######
).##.......##''#
))##.......##..#
..##.......##..# #
'###...<...##.÷# .##
..##.......##).# ...#
..##.......##..## .....
####.......##...##......
.. ##########...89......
.############...##......
.#....#...[##..## .....
'#....#..[.##..# ...#
.))...'..))##..# .##
)#....#..))##..# #
)#....#..))##..#
################


You could see a molten gargoyle.

Vanquished Creatures
  A two-headed ogre (D)
  A merfolk siren (D)
  A rime drake (D)
  A troll (D)
  A tyrant leech (D)
  A hornet (D)
  A fire bat (D)
  A warg (D)
  2 acid dragons (D)
  A floating eye (D)
  A sky beast (D)
  A black bear (D)
  2 ice beasts (D)
  An ogre (D)
  A phantom (D)
  A gnoll sergeant (D)
  5 wights (D)
  A crimson imp (D)
  An orc wizard (D)
  A gnoll (D)
  A river rat (D)
  An adder skeleton (D)
  A ball python (D)
  2 giant cockroaches (D)
  2 jackals (D)
  4 frilled lizards (D)
37 creatures vanquished.

Notes
Turn   | Place    | Note
-------+----------+-------------------------------------------
     0 | D        | rocky1 the Deep Elf Earth Elementalist began the quest for
                  | the Orb.
     0 | D        | Reached XP level 1. HP: 10/10 MP: 6/6
    18 | D        | Found a bloodstained altar of Trog.
    18 | D        | Found a shimmering blue altar of Sif Muna.
    18 | D        | Found a viscous altar of Jiyva.
    18 | D        | Found a hazy altar of Hepliaklqana.
    18 | D        | Found an opulent altar of Gozag.
    41 | D        | Found a glowing golden altar of the Shining One.
    41 | D        | Found a glowing silver altar of Zin.
    41 | D        | Found a basalt altar of Yredelemnul.
    41 | D        | Found a shimmering altar of Xom.
    41 | D        | Found an ornate altar of the Wu Jian Council.
    41 | D        | Found a sacrificial altar of Ru.
    41 | D        | Found a stormy altar of Qazlal.
    41 | D        | Found an iron altar of Okawaru.
    41 | D        | Found a sparkling altar of Nemelex Xobeh.
    41 | D        | Found a burning altar of Makhleb.
    41 | D        | Found a blossoming altar of Fedhas.
    41 | D        | Found a white marble altar of Elyvilon.
    41 | D        | Found a shadowy altar of Dithmenos.
    41 | D        | Found a snail-covered altar of Cheibriados.
    44 | D        | Found a corrupted altar of Lugonu.
    44 | D        | Found a radiant altar of Vehumet.
    45 | D        | Found an ancient bone altar of Kikubaaqudgha.
    45 | D        | Found a hide-covered altar of Uskayaw.
    45 | D        | Found a broken altar of Ashenzari.
    46 | D        | Became a worshipper of Sif Muna the Loreminder
    60 | D        | Reached skill level 5 in Earth Magic
    60 | D        | Reached XP level 2. HP: 15/15 MP: 3/9
   115 | D        | Reached * piety under Sif Muna
   118 | D        | Reached ** piety under Sif Muna
   151 | D        | Noticed a floating eye
   152 | D        | Killed a floating eye
   153 | D        | Reached XP level 3. HP: 19/19 MP: 9/14
   153 | D        | Reached XP level 4. HP: 24/24 MP: 9/15
   163 | D        | Learned a level 3 spell: Stone Arrow
   165 | D        | Noticed a phantom
   168 | D        | Killed a phantom
   168 | D        | Reached *** piety under Sif Muna
   169 | D        | Reached skill level 10 in Earth Magic
   169 | D        | Reached XP level 5. HP: 22/28 MP: 7/18
   386 | D        | Reached XP level 6. HP: 32/32 MP: 14/20
   523 | D        | Reached skill level 10 in Spellcasting
   523 | D        | Reached skill level 5 in Conjurations
   526 | D        | Reached **** piety under Sif Muna
   527 | D        | Reached skill level 1 in Fire Magic
   527 | D        | Reached skill level 1 in Invocations
   529 | D        | Reached skill level 1 in Air Magic
   579 | D        | Noticed a warg
   595 | D        | Killed a warg
   596 | D        | Reached XP level 7. HP: 14/36 MP: 11/23
   597 | D        | Reached ***** piety under Sif Muna
   597 | D        | Received a gift from Sif Muna
   598 | D        | Got Sif Muna's Dissertation on Oromancy and Intoxication
                  | {god gift}
   701 | D        | Learned a level 6 spell: Statue Form
  1271 | D        | Noticed a fire bat
  1276 | D        | Killed a fire bat
  1277 | D        | Reached XP level 8. HP: 41/41 MP: 5/25
  1473 | D        | Noticed a two-headed ogre
  1473 | D        | Noticed a troll
  1476 | D        | Killed a troll
  1477 | D        | Reached skill level 5 in Fire Magic
  1477 | D        | Reached skill level 5 in Invocations
  1477 | D        | Received a gift from Sif Muna
  1483 | D        | Killed a two-headed ogre
  1484 | D        | Reached skill level 5 in Transmutations
  1484 | D        | Reached skill level 5 in Air Magic
  1484 | D        | Reached XP level 9. HP: 21/45 MP: 24/27
  1484 | D        | Got Sif Muna's Catalogue of Helpful Vapour {god gift}
  1814 | D        | Noticed a merfolk siren
  1819 | D        | Killed a merfolk siren
  2235 | D        | Noticed a tyrant leech
  2235 | D        | Noticed a molten gargoyle
  2235 | D        | Noticed a rime drake
  2241 | D        | Killed a tyrant leech
  2245 | D        | Reached skill level 10 in Conjurations
  2246 | D        | Killed a rime drake
  2246 | D        | Received a gift from Sif Muna
  2246 | D        | Killed from afar by a molten gargoyle

Illustrated notes

Levels and vault maps discovered:
D:        pitsprint [storerooms_1, entrance_room_1, metal_vault_3, armoury_3,
          mini_pit_1, grid_room_1, main_hall_1, silver_pit, the_coven_1,
          the_vestibule_1, steel_vault_5, golden_pit, hallway_of_sentries,
          crystal_vault_1, iron_vault_2, final_vault]

Skill      XL: |  1  2  3  4  5  6  7  8  9 |
---------------+----------------------------+-----
Spellcasting   | 4 7 8 9 11 12 13 | 13.3
Earth Magic    | 5 9 10 11 12 13 | 13.6
Conjurations   | 3 4 7 8 9 10 | 10.0
Fire Magic     | 2 4 6 7 |  7.3
Invocations    | 2 4 6 7 |  7.2
Air Magic      | 2 4 5 6 |  6.5
Transmutations | 3 5 6 |  6.5
Dodging        | |  2.4
Stealth        | |  2.4

Action                     |  1- 3 |  4- 6 |  7- 9 || total
---------------------------+-------+-------+-------++-------
   Cast: Sandblast         |     9 |    18 |     8 ||    35
         Stone Arrow       |       |     4 |    34 ||    38
         Statue Form       |       |       |     4 ||     4
    Use: Potion            |       |     1 |     4 ||     5
         Scroll            |       |     1 |       ||     1
 Armour: Robe              |       |     1 |       ||     1
         Skin              |       |       |    26 ||    26
  Dodge: Dodged            |     1 |     5 |    18 ||    24

Table legend: (Time is in decaauts)
 A = Elapsed time spent in this place.
 B = Non-inter-level travel time spent in this place.
 C = Inter-level travel time spent in this place.
 D = Time resting spent in this place.
 E = Time spent auto-exploring this place.
 F = Levels seen in this place.
 G = Mean time per level.
                   A        B        C        D        E       F      G
               +--------+--------+--------+--------+--------+-----+--------+
         Total |   2334 |   2268 |     66 |   1875 |      0 |   1 | 2334.0 |
       Dungeon |   2334 |   2268 |     66 |   1875 |      0 |   1 | 2334.0 |
               +--------+--------+--------+--------+--------+-----+--------+

Top non-repeatable levels by time:
       D: 2334 daAuts
